[Event "Titled Tuesday Blitz October 11 Early 2022"]
[White "Skliarov, Viktor"]
[Black "Heinemann, Josefine"]
[WhiteFideId "14106736"]
[BlackFideId "12900460"]
[WhiteElo "2284"]
[BlackElo "2300"]
[Result "1-0"]
[Round "09"]
[TimeControl "180+1"]
[Date "2022.10.12"]
[WhiteClock "0:00:28"]
[BlackClock "0:00:01"]

1. e4 c6 2. d4 d5 3. e5 Bf5 4. Nf3 e6 5. Be2 Nd7 6. O-O h6 7. a4 a5 8. Na3 Qb6 9. c4 Ne7 10. c5 Qc7 11. Nc2 Bh7 12. Bf4 Ng6 13. Bg3 Be7 14. h4 b6 15. h5 Ngf8 16. cxb6 Qxb6 17. Ne3 Be4 18. Ne1 Nh7 19. f3 Bf5 20. Nxf5 exf5 21. b3 Ndf8 22. Rc1 Ne6 23. Bf2 Bg5 24. Rc3 O-O 25. Nc2 Rac8 26. Bd3 f4 27. Bf5 Rfd8 28. Qd3 Nhf8 29. Rc1 Rc7 30. Na3 Be7 31. Nb1 Rb8 32. Kh2 Bb4 33. R3c2 Be7 34. Nd2 Bb4 35. Rb1 Rd8 36. Nf1 Be7 37. Kh1 Qb4 38. Nh2 Qb6 39. Ng4 Bg5 40. Kh2 Rb8 41. Rc3 Qb4 42. Qc2 Qa3 43. Rc1 c5 44. dxc5 d4 45. Rc4 Qxb3 46. Qxb3 Rxb3 47. Bxd4 Nxd4 48. Rxd4 Rb4 49. Rxb4 axb4 50. c6 b3 51. Be4 Ne6 52. Rb1 Nc5 53. Bd5 Nxa4 54. Rxb3 Nc5 55. Rb8+ Kh7 56. Nf2 Be7 57. Ne4 Nxe4 58. Bxe4+ g6 59. e6 Kg7 60. exf7 gxh5 61. Bd5 Bd6 62. Rg8+ Kf6 63. f8=Q+ 1-0


[Site "https://www.chess.com"]

[Event "Titled Tuesday Blitz October 11 Early 2022"]
[White "Sohier, Julien"]
[Black "Gulevich, Artem"]
[WhiteFideId "645346"]
[BlackFideId "24119580"]
[WhiteElo "2209"]
[BlackElo "2218"]
[Result "0-1"]
[Round "09"]
[TimeControl "180+1"]
[Date "2022.10.12"]
[WhiteClock "0:01:26"]
[BlackClock "0:01:37"]

1. e4 c5 2. Nc3 Nc6 3. Bb5 g6 4. Bxc6 dxc6 5. f4 Bg7 6. Nf3 Bg4 7. d3 Nf6 8. O-O Nd7 9. Qe1 Bxf3 10. Rxf3 Nf8 11. f5 Nd7 12. fxg6 hxg6 13. Be3 Ne5 14. Rg3 b6 15. a4 a5 16. Ne2 Qd7 17. h3 O-O-O 18. d4 Nc4 19. dxc5 Nxe3 20. Rxe3 Qd2 21. Qxd2 Rxd2 22. cxb6 Rxc2 23. b4 Bxa1 0-1


[Site "https://www.chess.com"]

[Event "Titled Tuesday Blitz October 11 Early 2022"]
[White "Sonnenschein, Philipp"]
[Black "Ardila, Oscar Humberto"]
[WhiteFideId "16250877"]
[BlackFideId "4404742"]
[WhiteElo "2225"]
[BlackElo "1898"]
[Result "1-0"]
[Round "09"]
[TimeControl "180+1"]
[Date "2022.10.12"]
[WhiteClock "0:01:31"]
[BlackClock "0:01:43"]

1. e4 e5 2. Nf3 Nf6 3. d4 Nxe4 4. Bd3 d5 5. dxe5 Bc5 6. Bxe4 dxe4 7. Qxd8+ Kxd8 8. Ng5 Re8 9. O-O Rxe5 10. Nxf7+ Ke7 11. Nxe5 Bd4 12. Nc4 Be6 13. Ne3 Nd7 14. Nc3 Nf6 15. Bd2 Rd8 16. Rad1 a6 17. Bc1 c5 18. Ne2 b5 19. c3 Bxe3 20. Bxe3 c4 21. Bc5+ Ke8 22. Rxd8+ Kxd8 23. Rd1+ Kc7 24. Nf4 Bg4 25. Rd4 Kc6 26. Bf8 g5 27. Rd6+ 1-0


[Site "https://www.chess.com"]

[Event "Titled Tuesday Blitz October 11 Early 2022"]
[White "Sowul, Bartosz"]
[Black "Mindlin, Alon"]
[WhiteFideId "1137590"]
[BlackFideId "2800071"]
[WhiteElo "2418"]
[BlackElo "2675"]
[Result "0-1"]
[Round "09"]
[TimeControl "180+1"]
[Date "2022.10.12"]
[WhiteClock "0:01:43"]
[BlackClock "0:01:49"]

1. e4 e5 2. Nf3 Nc6 3. Bc4 Nf6 4. d4 exd4 5. e5 d5 6. Bb5 Ne4 7. Nxd4 Bd7 8. Bxc6 bxc6 9. O-O Bc5 10. f3 Ng5 11. Be3 O-O 12. f4 Ne4 13. f5 Qe7 14. f6 Qxe5 15. fxg7 Rfe8 16. Qf3 Qxg7 17. c3 Rab8 18. b4 Bg4 19. Qf4 Bd6 20. Qh6 Qxh6 21. Bxh6 c5 22. a3 cxd4 23. cxd4 Re6 24. Bf4 Be2 25. Re1 Bxf4 26. Rxe2 Rbe8 0-1


[Site "https://www.chess.com"]

[Event "Titled Tuesday Blitz October 11 Early 2022"]
[White "Stribuk, Artiom"]
[Black "Vignesh, N R"]
[WhiteFideId "13515659"]
[BlackFideId "25012215"]
[WhiteElo "2279"]
[BlackElo "2386"]
[Result "0-1"]
[Round "09"]
[TimeControl "180+1"]
[Date "2022.10.11"]
[WhiteClock "0:00:02"]
[BlackClock "0:00:44"]

1. d4 Nf6 2. c4 e6 3. g3 d5 4. Bg2 Be7 5. Nf3 O-O 6. O-O dxc4 7. Na3 c3 8. bxc3 c5 9. Ne5 Nbd7 10. Nd3 cxd4 11. cxd4 Nd5 12. e4 Nb4 13. Nxb4 Bxb4 14. Nc2 Be7 15. Bb2 b6 16. d5 exd5 17. exd5 Bd6 18. Nd4 Bb7 19. Nc6 Qg5 20. h4 Qf5 21. Qd4 Nf6 22. Rae1 Rfe8 23. Qd2 Bc5 24. Bd4 Nxd5 25. Na5 Bb4 26. Qb2 Bxa5 27. Rxe8+ Rxe8 28. Bxg7 f6 29. Bh6 Bc3 30. Qb3 Bd4 31. Rd1 Qxf2+ 32. Kh1 Re1+ 33. Rxe1 Qxe1+ 34. Kh2 Bg1+ 35. Kh3 Bc8+ 36. g4 Qc3+ 37. Be3 0-1


[Site "https://www.chess.com"]

[Event "Titled Tuesday Blitz October 11 Early 2022"]
[White "Tania, Sachdev"]
[Black "Subelj, Jan"]
[WhiteFideId "5007844"]
[BlackFideId "14618583"]
[WhiteElo "2306"]
[BlackElo "2394"]
[Result "0-1"]
[Round "09"]
[TimeControl "180+1"]
[Date "2022.10.12"]
[WhiteClock "0:00:12"]
[BlackClock "0:00:49"]

1. d4 d5 2. c4 c6 3. Nf3 Nf6 4. Nc3 e6 5. Bg5 h6 6. Bxf6 Qxf6 7. e3 g6 8. Bd3 Bg7 9. O-O O-O 10. e4 Qd8 11. cxd5 exd5 12. e5 c5 13. dxc5 Nc6 14. Re1 d4 15. Nb5 Bg4 16. h3 Bxf3 17. Qxf3 Nxe5 18. Qg3 Nxd3 19. Qxd3 Qd5 20. b4 a6 21. Nc7 Qc6 22. Nxa8 Rxa8 23. Rac1 Rd8 24. Qe4 Qb5 25. a3 d3 26. Red1 Rd4 27. Qe3 Rd5 28. a4 Qd7 29. Rb1 Bd4 30. Qd2 Rf5 31. Rf1 Qd5 32. Kh1 Rg5 33. f3 Rg3 34. Qxd3 Qd7 35. Qe2 Qxa4 36. Rfd1 Bf6 37. Re1 Kg7 38. Qf2 Rg5 39. f4 Rd5 40. Qf3 Rd2 41. Re2 Rd1+ 42. Rxd1 Qxd1+ 43. Kh2 Qd4 44. Re4 Qd2 45. Qe2 Qc3 46. Qe3 Qb2 47. Qe1 h5 48. Qe2 Qc3 49. f5 g5 50. Re3 Qxb4 51. Qxh5 Qf4+ 52. Rg3 Be5 53. Qg4 Qxg4 54. hxg4 a5 55. Kh3 Bxg3 56. Kxg3 a4 57. Kf3 a3 0-1


[Site "https://www.chess.com"]

[Event "Titled Tuesday Blitz October 11 Early 2022"]
[White "Terzi, Alexei"]
[Black "Aguilar, Juan"]
[WhiteFideId "13505076"]
[BlackFideId "3800091"]
[WhiteElo "2172"]
[BlackElo "2378"]
[Result "0-1"]
[Round "09"]
[TimeControl "180+1"]
[Date "2022.10.12"]
[WhiteClock "0:01:02"]
[BlackClock "0:01:38"]

1. e4 c5 2. Nc3 a6 3. g3 b5 4. Bg2 Bb7 5. Nh3 e6 6. O-O b4 7. Na4 Nf6 8. d3 d5 9. e5 Nfd7 10. f4 Nc6 11. c4 Nb6 12. Nxb6 Qxb6 13. cxd5 exd5 14. Bxd5 Rd8 15. Qb3 c4+ 0-1


[Site "https://www.chess.com"]

[Event "Titled Tuesday Blitz October 11 Early 2022"]
[White "Titichoca Daza, Daniel"]
[Black "Malyi, Viacheslav"]
[WhiteFideId "3309550"]
[BlackFideId "14123983"]
[WhiteElo "2105"]
[BlackElo "2291"]
[Result "1-0"]
[Round "09"]
[TimeControl "180+1"]
[Date "2022.10.12"]
[WhiteClock "0:01:00"]
[BlackClock "0:00:52"]

1. e4 e5 2. Nf3 Nc6 3. Bb5 a6 4. Ba4 Nf6 5. O-O b5 6. Bb3 Bc5 7. Nc3 d6 8. a4 Rb8 9. Nd5 O-O 10. axb5 axb5 11. d4 Nxd4 12. Nxd4 Bxd4 13. Bg5 Be6 14. Nxf6+ gxf6 15. Bh6 Kh8 16. Bxe6 fxe6 17. Bxf8 Qxf8 18. c3 Bc5 19. Kh1 Qh6 20. Qg4 f5 21. exf5 Rg8 22. Qf3 Rf8 23. Ra8 exf5 24. Rfa1 e4 25. Qxf5 Kg8 26. Qxe4 Bxf2 27. Rxf8+ Kxf8 28. Rf1 Qf6 29. Qe2 1-0


[Site "https://www.chess.com"]

[Event "Titled Tuesday Blitz October 11 Early 2022"]
[White "Tologon tegin, Semetei"]
[Black "Tarasova, Viktoriya"]
[WhiteFideId "13800574"]
[BlackFideId "4175840"]
[WhiteElo "2282"]
[BlackElo "2182"]
[Result "1-0"]
[Round "09"]
[TimeControl "180+1"]
[Date "2022.10.12"]
[WhiteClock "0:00:17"]
[BlackClock "0:00:03"]

1. e4 e5 2. Nc3 Nf6 3. f4 d5 4. fxe5 Nxe4 5. Nf3 Be7 6. Qe2 Nxc3 7. dxc3 c5 8. Bf4 O-O 9. O-O-O Be6 10. Qf2 Nc6 11. h4 Qa5 12. a3 b5 13. Bd3 b4 14. axb4 cxb4 15. Ng5 h6 16. Bh7+ Kh8 17. Qg3 Qa1+ 18. Kd2 Qxb2 19. Ke2 Qxc3 20. Bd3 Nd4+ 21. Kf1 Nxc2 22. Kg1 b3 23. Kh2 a5 24. Nxe6 fxe6 25. Qg6 Rxf4 26. Qh7# 1-0


[Site "https://www.chess.com"]

[Event "Titled Tuesday Blitz October 11 Early 2022"]
[White "Torres Boch, Jose Francisco"]
[Black "Manukian, Artak"]
[WhiteFideId "2278383"]
[BlackFideId "13301373"]
[WhiteElo "2073"]
[BlackElo "2515"]
[Result "0-1"]
[Round "09"]
[TimeControl "180+1"]
[Date "2022.10.12"]
[WhiteClock "0:00:40"]
[BlackClock "0:00:09"]

1. e4 c6 2. d4 d5 3. Nd2 dxe4 4. Nxe4 Nf6 5. Nxf6+ exf6 6. c3 Bd6 7. Bd3 Na6 8. Qc2 Nc7 9. Ne2 Nd5 10. Bd2 b5 11. O-O-O h6 12. Bh7 Be6 13. Ng3 a5 14. Rde1 Kf8 15. Nh5 Qc7 16. Rxe6 fxe6 17. Qg6 Qf7 18. Re1 Rd8 19. g4 Ne7 20. Qc2 f5 21. gxf5 Qxh5 22. Rxe6 Rxh7 23. f6 Nf5 24. Qe4 Kf7 25. fxg7 Rxg7 26. Qe1 Bxh2 27. Rxc6 Rg1 0-1


[Site "https://www.chess.com"]

[Event "Titled Tuesday Blitz October 11 Early 2022"]
[White "Tristan, Leonardo"]
[Black "Dehtiarov, Roman"]
[WhiteFideId "113816"]
[BlackFideId "14186640"]
[WhiteElo "2446"]
[BlackElo "2200"]
[Result "1-0"]
[Round "09"]
[TimeControl "180+1"]
[Date "2022.10.12"]
[WhiteClock "0:00:06"]
[BlackClock "0:00:05"]

1. d4 Nf6 2. Nf3 d5 3. Bf4 c5 4. e3 Nc6 5. Nbd2 Bg4 6. c3 e6 7. Qb3 Qc8 8. Nh4 Be7 9. h3 Bh5 10. g4 Bg6 11. Nxg6 hxg6 12. Bg2 O-O 13. O-O a6 14. dxc5 Bxc5 15. e4 e5 16. Bg3 d4 17. Rac1 Ba7 18. cxd4 Bxd4 19. Nf3 Qd7 20. Rfd1 Qe7 21. Nxd4 Nxd4 22. Rxd4 exd4 23. e5 Nd7 24. Qxb7 Rab8 25. Qe4 Nc5 26. Qxd4 Ne6 27. Qc3 g5 28. b3 Rfd8 29. Qe3 Rbc8 30. Rxc8 Rxc8 31. Bd5 Qc5 32. Qf3 Qc1+ 33. Kg2 Nf4+ 34. Bxf4 Qxf4 35. Qxf4 gxf4 36. Bc4 Rc5 37. Bxa6 Ra5 38. Bc4 Rxa2 39. Kf3 g5 40. b4 Rc2 41. Bd3 Rb2 42. b5 Kf8 43. Ke4 Rxf2 44. Kf5 Rd2 45. Be4 Rb2 46. Kxg5 Rxb5 47. Kxf4 Kg7 48. h4 Rb2 49. Bf3 Rb4+ 50. Kf5 Rb6 51. g5 Rb3 52. Be4 Rh3 53. Kg4 Re3 54. Kf4 Rh3 55. Kg4 Re3 56. Bf5 Rxe5 57. h5 Re1 58. Kf4 Rf1+ 59. Ke5 Re1+ 60. Kf4 Rf1+ 61. Ke4 Re1+ 62. Kd3 Rg1 63. g6 f6 64. Be4 Rg5 65. Bf3 Rg3 66. Ke3 Rg5 67. Kf4 Kh6 68. Ke4 Re5+ 69. Kf4 Rg5 70. Ke4 Kg7 71. Kf4 Kf8 72. Ke4 Ke7 73. Kf4 Rg1 74. Bg4 Kf8 75. h6 Rh1 76. g7+ Kf7 77. Be6+ Kxe6 78. g8=Q+ Ke7 79. Qg7+ Ke6 80. h7 Rh4+ 81. Kg3 Rh5 82. h8=Q Rg5+ 83. Qxg5 fxg5 84. Kg4 Kd6 85. Kxg5 Kd5 86. Kf5 1-0


[Site "https://www.chess.com"]

[Event "Titled Tuesday Blitz October 11 Early 2022"]
[White "Troltenier, Dirk"]
[Black "Ianov, Viktor"]
[WhiteFideId "4606400"]
[BlackFideId "14102730"]
[WhiteElo "2299"]
[BlackElo "2152"]
[Result "0-1"]
[Round "09"]
[TimeControl "180+1"]
[Date "2022.10.12"]
[WhiteClock "0:00:04"]
[BlackClock "0:01:27"]

1. e4 d6 2. d4 Nf6 3. Nc3 c6 4. Nf3 Bg4 5. Be2 Nbd7 6. O-O e5 7. Be3 Be7 8. a4 O-O 9. Qd2 Re8 10. Rad1 Qc7 11. Rfe1 a5 12. b3 Bf8 13. h3 Bh5 14. g4 Bg6 15. Bd3 Rad8 16. Nh4 exd4 17. Bxd4 Ne5 18. f4 Nxd3 19. cxd3 d5 20. e5 Nd7 21. f5 Nxe5 22. Bxe5 Rxe5 23. fxg6 hxg6 24. Nf3 Rxe1+ 25. Rxe1 Bb4 26. Kg2 d4 27. Nxd4 Rxd4 28. Re8+ Bf8 29. Ne4 Rd8 30. Rxd8 Qxd8 31. Qe3 Qd5 32. Qf3 Qxb3 33. Ng5 f6 34. Ne4 Qxa4 35. g5 Qa2+ 36. Kg3 f5 37. Nf2 Bd6+ 38. Kg2 Bc5 0-1


[Site "https://www.chess.com"]

[Event "Titled Tuesday Blitz October 11 Early 2022"]
[White "Turutin, Alexander"]
[Black "Sanchez, Robert"]
[WhiteFideId "4180623"]
[BlackFideId "2034360"]
[WhiteElo "2402"]
[BlackElo "2425"]
[Result "0-1"]
[Round "09"]
[TimeControl "180+1"]
[Date "2022.10.12"]
[WhiteClock "0:00:12"]
[BlackClock "0:00:24"]

1. e4 e6 2. Nf3 c5 3. Nc3 a6 4. d4 cxd4 5. Nxd4 Qc7 6. Bd3 Nf6 7. O-O d6 8. a4 Be7 9. a5 O-O 10. Be3 Nc6 11. Nxc6 bxc6 12. Na4 Nd7 13. b4 Bb7 14. Nb6 Nxb6 15. axb6 Qc8 16. Qe2 c5 17. Rfb1 Bf6 18. Ra3 Rd8 19. bxc5 dxc5 20. c3 c4 21. Bc2 Qc6 22. f3 Be7 23. Ra5 Rd7 24. Ba4 Qc8 25. Bxd7 Qxd7 26. Qxc4 Rc8 27. Qd4 Qc6 28. Rd1 h6 29. Qd7 Qxc3 30. Qxb7 Qxe3+ 31. Kf1 Rc2 32. Qb8+ Kh7 0-1


[Site "https://www.chess.com"]

[Event "Titled Tuesday Blitz October 11 Early 2022"]
[White "Urazayev, Arystanbek"]
[Black "Krysa, Leandro"]
[WhiteFideId "13709810"]
[BlackFideId "116807"]
[WhiteElo "2441"]
[BlackElo "2486"]
[Result "1-0"]
[Round "09"]
[TimeControl "180+1"]
[Date "2022.10.11"]
[WhiteClock "0:00:09"]
[BlackClock "0:00:04"]

1. d4 g6 2. c4 Bg7 3. Nc3 c5 4. e3 Nf6 5. Nf3 cxd4 6. exd4 d5 7. cxd5 Nxd5 8. Bc4 Nb6 9. Bb3 O-O 10. O-O Nc6 11. d5 Na5 12. Re1 Bg4 13. h3 Bxf3 14. Qxf3 Re8 15. Bg5 Rc8 16. d6 Nxb3 17. Bxe7 Nd4 18. Qxb7 Qd7 19. Qe4 Nf5 20. Rad1 Nc4 21. Nd5 Ncxd6 22. Qg4 h5 23. Qg5 Kh8 24. Nf6 Qxe7 25. Rxe7 Rxe7 26. Nxh5 gxh5 27. Qxh5+ Kg8 28. g4 Nd4 29. Kg2 Ne4 30. Qd5 Rce8 31. Rxd4 Bxd4 32. Qxd4 Re6 33. a4 R8e7 34. b4 Nf6 35. b5 Rd7 36. Qc4 Nd5 37. Qc8+ Kg7 38. Qxd7 Nf4+ 39. Kf3 Ng6 40. Qxa7 Rf6+ 41. Kg3 Ne5 42. Qb7 Re6 43. a5 Nc4 44. a6 Nd2 45. Kg2 Re1 46. a7 1-0


[Site "https://www.chess.com"]

[Event "Titled Tuesday Blitz October 11 Early 2022"]
[White "Vachylia, Andrii"]
[Black "Siva Mahadevan"]
[WhiteFideId "14137224"]
[BlackFideId "25043153"]
[WhiteElo "2318"]
[BlackElo "2249"]
[Result "1-0"]
[Round "09"]
[TimeControl "180+1"]
[Date "2022.10.11"]
[WhiteClock "0:00:16"]
[BlackClock "0:00:14"]

1. e4 c5 2. Nf3 Nc6 3. Bb5 Na5 4. d4 a6 5. Be2 cxd4 6. Nxd4 e6 7. O-O b5 8. Bf3 Bb7 9. e5 Qc7 10. Re1 Ne7 11. Nc3 Ng6 12. Bxb7 Qxb7 13. Nf3 Rc8 14. Ne4 Nc4 15. b3 Ncxe5 16. Nxe5 Nxe5 17. Bb2 Ng6 18. Bxg7 Qc6 19. Bxh8 Nxh8 20. Qd4 Ng6 21. Rad1 d5 22. Nf6+ Kd8 23. Nxh7 Be7 24. Qg7 Nf4 25. Qxf7 Qd6 26. g3 Nh3+ 27. Kg2 Nxf2 28. Rxe6 Qd7 29. Rxe7 Qh3+ 30. Kg1 1-0


[Site "https://www.chess.com"]

[Event "Titled Tuesday Blitz October 11 Early 2022"]
[White "Villamayor, Buenaventura"]
[Black "Silva, Pedro Gil Ferreira Da"]
[WhiteFideId "5200393"]
[BlackFideId "1946102"]
[WhiteElo "2301"]
[BlackElo "2170"]
[Result "0-1"]
[Round "09"]
[TimeControl "180+1"]
[Date "2022.10.12"]
[WhiteClock "0:00:09"]
[BlackClock "0:00:36"]

1. e4 c5 2. c3 d5 3. exd5 Qxd5 4. d4 Nc6 5. Nf3 Bg4 6. Be2 e6 7. c4 Qd8 8. d5 Bxf3 9. Bxf3 exd5 10. cxd5 Nd4 11. Nc3 Bd6 12. O-O Ne7 13. Be3 Qb6 14. Qa4+ Kf8 15. Bxd4 cxd4 16. Nb5 a6 17. Nxd6 Qxd6 18. Qxd4 Rd8 19. Rac1 h5 20. Rfd1 h4 21. Qc5 Rh6 22. b4 h3 23. g3 Rf6 24. Be4 b6 25. Qd4 Nf5 26. Bxf5 Rxf5 27. Qh4 Kg8 28. Qxh3 Rxd5 29. Rxd5 Qxd5 30. Qg4 g6 31. a4 Qd2 32. Qc4 Rd4 33. Qc8+ Kg7 34. Rc2 Qd1+ 35. Kg2 Rxb4 36. Qc3+ Qd4 37. Qc6 Rxa4 38. Re2 Rc4 39. Qb7 Rc5 40. Re7 Rf5 41. Re2 Qd5+ 42. Qxd5 Rxd5 43. Re7 Rb5 44. Ra7 Ra5 45. Rb7 b5 46. Rb6 Ra4 47. Kf3 b4 48. Ke3 a5 49. Kd4 Ra3 50. Kc4 Rf3 51. Rb5 Rxf2 52. h4 Rg2 53. Rxa5 Rxg3 54. h5 Rg4+ 55. Kb3 f5 56. Ra7+ Kh6 57. hxg6 Kxg6 58. Ra8 Kg5 59. Rg8+ Kh4 60. Rh8+ Kg3 61. Rf8 f4 62. Kxb4 f3+ 63. Kc3 f2 64. Kd2 Kg2 65. Ke2 Re4+ 66. Kd3 Re1 67. Rg8+ Kh3 68. Rh8+ Kg4 69. Rg8+ Kh5 70. Rh8+ Kg6 0-1


[Site "https://www.chess.com"]

[Event "Titled Tuesday Blitz October 11 Early 2022"]
[White "Visakh N R"]
[Black "Gabrielian, Artur"]
[WhiteFideId "25012223"]
[BlackFideId "4131002"]
[WhiteElo "2466"]
[BlackElo "2432"]
[Result "1-0"]
[Round "09"]
[TimeControl "180+1"]
[Date "2022.10.11"]
[WhiteClock "0:00:24"]
[BlackClock "0:00:02"]

1. Nf3 Nf6 2. c4 g6 3. g3 Bg7 4. d4 O-O 5. Bg2 d6 6. O-O Nc6 7. Nc3 e5 8. dxe5 dxe5 9. Qxd8 Rxd8 10. Bg5 h6 11. Bxf6 Bxf6 12. Nd5 Kg7 13. Nxc7 Rb8 14. e4 Be6 15. Nd5 Be7 16. Nxe7 Nxe7 17. Nxe5 f6 18. Nf3 Bxc4 19. Rfd1 Nc6 20. Bf1 Be6 21. Kg2 Rxd1 22. Rxd1 Bxa2 23. Rd7+ Kg8 24. Bd3 Rd8 25. Rxd8+ Nxd8 26. e5 f5 27. Nd4 Ne6 28. Nxe6 Bxe6 29. f4 Kf7 30. Kf2 Ke7 31. Ke3 b6 32. Kd4 a5 33. h3 h5 34. Bb5 Bb3 35. h4 Bd1 36. Kc3 Bf3 37. b4 axb4+ 38. Kxb4 Bg2 39. Bc4 Bc6 40. Kc3 Be8 41. Bd5 Bb5 42. Kb4 Be8 43. Bg8 Bc6 44. Bc4 Bd7 45. Bb5 Bc8 46. Bc6 Ba6 47. Bd5 Be2 48. Bc4 Bf3 49. Kb5 Be4 50. Kxb6 Bf3 51. Bg8 Bd1 52. Bh7 Kf7 53. Kc7 Bb3 54. Kd7 Ba2 55. Kd6 Kg7 56. e6 Kxh7 57. e7 Bf7 58. Kd7 Kg7 59. e8=Q Bxe8+ 60. Kxe8 Kh8 61. Kf8 Kh7 62. Kf7 Kh6 63. Kg8 g5 64. hxg5+ Kg6 65. Kf8 1-0


[Site "https://www.chess.com"]

[Event "Titled Tuesday Blitz October 11 Early 2022"]
[White "Vokhidov, Shamsiddin"]
[Black "Duda, Jan-Krzysztof"]
[WhiteFideId "14204223"]
[BlackFideId "1170546"]
[WhiteElo "2619"]
[BlackElo "2779"]
[Result "0-1"]
[Round "09"]
[TimeControl "180+1"]
[Date "2022.10.11"]
[WhiteClock "0:00:03"]
[BlackClock "0:00:38"]

1. e4 e5 2. Nf3 Nc6 3. Bb5 a6 4. Ba4 Nf6 5. O-O Be7 6. d3 b5 7. Bb3 d6 8. a3 O-O 9. Nc3 Nb8 10. Ne2 Nbd7 11. Ng3 Bb7 12. Re1 Re8 13. Ng5 d5 14. exd5 Bxd5 15. Bxd5 Nxd5 16. Qh5 Bxg5 17. Bxg5 Qc8 18. Nf5 f6 19. Bd2 Nf8 20. Re4 Qd7 21. Rae1 c5 22. Qf3 Ne6 23. c3 Ndf4 24. Bxf4 Nxf4 25. Qg4 Kh8 26. d4 g6 27. Nh6 f5 28. Qg5 fxe4 29. dxe5 Rf8 30. e6 Nxe6 31. Qh4 Rf4 32. Qh3 Raf8 33. g3 Rxf2 34. Ng4 Ng5 35. Qh6 Qxg4 0-1


[Site "https://www.chess.com"]

[Event "Titled Tuesday Blitz October 11 Early 2022"]
[White "Winkels, Marcel"]
[Black "Kaganskiy, Gleb"]
[WhiteFideId "1003887"]
[BlackFideId "4132025"]
[WhiteElo "1900"]
[BlackElo "2165"]
[Result "0-1"]
[Round "09"]
[TimeControl "180+1"]
[Date "2022.10.12"]
[WhiteClock "0:00:02"]
[BlackClock "0:00:08"]

1. d4 d5 2. Nc3 c6 3. Bf4 Nf6 4. e3 Bf5 5. h4 h5 6. Nh3 e6 7. Ng5 Bd6 8. Bxd6 Qxd6 9. Bd3 Bxd3 10. cxd3 Nbd7 11. e4 e5 12. dxe5 Nxe5 13. d4 Nc4 14. e5 Qe7 15. Qe2 Ng4 16. O-O-O O-O-O 17. Rhf1 Kb8 18. Rde1 Rhe8 19. e6 fxe6 20. Nd1 e5 21. dxe5 Qxe5 22. Qxe5+ Rxe5 23. b3 Nd6 24. f3 Rxe1 25. Rxe1 Nf6 26. Re7 Rd7 27. Re6 Nf5 28. Ne3 Nxh4 29. g3 Ng6 30. Nf5 h4 31. gxh4 a5 32. Nxg7 Rxg7 33. Rxf6 Nxh4 34. Rf8+ Ka7 35. Ne6 Rg2 36. f4 Rf2 37. Rh8 Nf5 38. Rf8 Ne3 39. Nd4 Rxa2 40. f5 Rf2 41. f6 Ng4 42. f7 Ne5 43. Ne6 Rxf7 44. Rd8 Rf2 45. Nc7 Nd3+ 46. Kb1 Rb2+ 47. Ka1 Rxb3 0-1


[Site "https://www.chess.com"]

[Event "Titled Tuesday Blitz October 11 Early 2022"]
[White "Wirig, Anthony"]
[Black "Winterberg, Lukas"]
[WhiteFideId "615013"]
[BlackFideId "24622702"]
[WhiteElo "2474"]
[BlackElo "2349"]
[Result "1-0"]
[Round "09"]
[TimeControl "180+1"]
[Date "2022.10.11"]
[WhiteClock "0:00:10"]
[BlackClock "0:00:06"]

1. d4 Nf6 2. Bg5 e6 3. e4 c5 4. e5 h6 5. Bc1 Nh7 6. d5 d6 7. Nc3 dxe5 8. Bb5+ Bd7 9. dxe6 fxe6 10. Qh5+ Ke7 11. Nf3 Nf6 12. Bg5 Bxb5 13. Nxb5 Qe8 14. Bxf6+ gxf6 15. Qxe8+ Kxe8 16. Nc7+ Kd7 17. Nxa8 Nc6 18. O-O-O+ Bd6 19. Nd2 Kc8 20. Ne4 Be7 21. c3 f5 22. Nd6+ Kb8 23. Nb5 Kxa8 24. Nc7+ Kb8 25. Nxe6 Kc8 26. Ng7 Rf8 27. Kc2 Rf7 28. Nh5 f4 29. g4 fxg3 30. fxg3 Rf2+ 31. Rd2 Rf3 32. h4 b5 33. Re2 a5 34. Rd1 a4 35. Rd3 Rf1 36. Rd1 Rf3 37. Rde1 b4 38. Re3 Rf2+ 39. R1e2 Rf1 40. Re4 Kc7 41. Rg4 Kb6 42. Rg6 Kb5 43. c4+ Kb6 44. Rxe5 Rf2+ 45. Kd3 Kc7 46. Rxc6+ Kxc6 47. Rxe7 Rxb2 48. Re6+ Kb7 49. Re5 Kb6 50. Re6+ Kb7 51. Nf6 Rxa2 52. Ne4 a3 53. Nxc5+ Kc7 54. Na6+ Kd7 55. Rb6 Rb2 56. Rxb4 a2 57. Ra4 Rg2 58. Kd4 Rxg3 59. Rxa2 Rg4+ 60. Kd5 Rxh4 61. Nc5+ Kc7 62. Ra7+ Kb6 63. Rb7+ Ka5 64. Kc6 Rxc4 65. Rb5# 1-0


[Site "https://www.chess.com"]

[Event "Titled Tuesday Blitz October 11 Early 2022"]
[White "Xu, Yi"]
[Black "Lazavik, Denis"]
[WhiteFideId "8605564"]
[BlackFideId "13515110"]
[WhiteElo "2471"]
[BlackElo "2437"]
[Result "1/2-1/2"]
[Round "09"]
[TimeControl "180+1"]
[Date "2022.10.11"]
[WhiteClock "0:00:18"]
[BlackClock "0:00:15"]

1. e4 c5 2. Nf3 e6 3. d4 cxd4 4. Nxd4 Nc6 5. Nc3 Qc7 6. Be3 a6 7. g4 b5 8. Nxc6 Qxc6 9. Qd2 b4 10. Ne2 Qxe4 11. Rg1 Qc4 12. Ng3 Qc7 13. O-O-O Nf6 14. Bf4 d6 15. Bg2 Bb7 16. Bxb7 Qxb7 17. Rge1 Be7 18. Bxd6 Rd8 19. Qf4 O-O 20. Bxe7 Rxd1+ 21. Rxd1 Qxe7 22. Ne4 Nxe4 23. Qxe4 Rc8 24. Kb1 h6 25. f3 a5 26. b3 g6 27. Qe5 Qc7 28. Qxc7 Rxc7 29. Rd3 f5 30. c3 bxc3 31. Kc2 Kf7 32. Rxc3 Ra7 33. gxf5 gxf5 34. f4 Rb7 35. Kd3 Kf6 36. Ke3 Rg7 37. Kf2 Rd7 38. Ke3 Ra7 39. Rc5 Ke7 40. a4 Kf6 41. Rb5 Ra6 42. Kf3 Ra7 43. Ke3 Ra6 44. Kf3 Ra7 45. Ke3 1/2-1/2


[Site "https://www.chess.com"]

[Event "Titled Tuesday Blitz October 11 Early 2022"]
[White "Yaniuk, Volodymyr"]
[Black "Zilleruelo Irizarry, Diego"]
[WhiteFideId "14133083"]
[BlackFideId "3101460"]
[WhiteElo "2141"]
[BlackElo "1998"]
[Result "1-0"]
[Round "09"]
[TimeControl "180+1"]
[Date "2022.10.12"]
[WhiteClock "0:00:28"]
[BlackClock "0:00:02"]

1. e4 c6 2. d4 d5 3. Nc3 dxe4 4. Nxe4 Bf5 5. Ng5 e6 6. N1f3 Nf6 7. Bc4 h6 8. Nh3 Bxh3 9. gxh3 Nbd7 10. Bf4 Qa5+ 11. c3 Nb6 12. Bd3 Nbd5 13. Bg3 Be7 14. O-O O-O 15. Kh1 c5 16. Rg1 cxd4 17. Nxd4 Kh8 18. Be5 Nxc3 19. Bxf6 Bxf6 20. bxc3 Qxc3 21. Nxe6 Qc6+ 22. Rg2 Qxe6 23. Rb1 Rad8 24. Qf3 b6 25. Rbg1 Rd6 26. Bb1 Rfd8 27. Qh5 a5 28. Qf3 Rd2 29. Qf4 Qe5 30. Qf3 a4 31. Rg4 Qc5 32. R4g2 a3 33. Qe4 Kg8 34. Qh7+ Kf8 35. Re1 1-0


[Site "https://www.chess.com"]

[Event "Titled Tuesday Blitz October 11 Early 2022"]
[White "Yeletsky, Ivan"]
[Black "Baskakov, Egor"]
[WhiteFideId "24180327"]
[BlackFideId "24197866"]
[WhiteElo "2391"]
[BlackElo "2211"]
[Result "1/2-1/2"]
[Round "09"]
[TimeControl "180+1"]
[Date "2022.10.11"]
[WhiteClock "0:00:15"]
[BlackClock "0:00:12"]

1. e4 c5 2. Nf3 Nc6 3. d4 cxd4 4. Nxd4 e5 5. Nb5 a6 6. Nd6+ Bxd6 7. Qxd6 Qe7 8. Qd1 Nf6 9. Nc3 d6 10. Bg5 Be6 11. Nd5 Bxd5 12. exd5 Nb8 13. Be2 Nbd7 14. a4 Rc8 15. a5 h6 16. Be3 O-O 17. O-O Rc7 18. c4 Nh7 19. b4 f5 20. f3 g5 21. c5 Nhf6 22. Rc1 f4 23. Bf2 e4 24. cxd6 Qxd6 25. Rxc7 Qxc7 26. fxe4 Nxe4 27. Qd3 Ndf6 28. Bd4 Re8 29. Bf3 g4 30. d6 Qxd6 31. Qc4+ Qe6 32. Qxe6+ Rxe6 33. Bxe4 Nxe4 34. Rxf4 h5 35. h3 g3 36. Be3 Nc3 37. Rf3 h4 38. Kf1 Re4 39. Bc5 Nd5 40. Rf8+ Kg7 41. Rb8 Nf4 42. Rxb7+ Kg6 43. Re7 Rc4 44. Be3 Nd5 45. Re5 Nxe3+ 46. Rxe3 Rxb4 47. Re6+ Kf5 48. Rxa6 Rb1+ 49. Ke2 Rb2+ 50. Kf1 Rf2+ 51. Kg1 Ra2 52. Kf1 Rf2+ 53. Kg1 Ra2 54. Kf1 Rf2+ 1/2-1/2


[Site "https://www.chess.com"]